UNITED STATES PREMIER LEAGUE
CHICAGO GOLD SOX VS BROOKLYN DODGERS
05/13/2014
 
TOP OF THE 1ST
Brooklyn Dodgers batting - Pitching for Chicago Gold Sox : RHP Orliber Dolendo
Pitching: RHP Orliber Dolendo
Batting: LHB Christian Walls 0-0: Ball
1-0: Ball
2-0: Ball
3-0: Called Strike
3-1: Base on Balls
Batting: LHB Egidio Agnolutto 0-0: Ball
1-0: Called Strike
1-1: Swinging Strike
1-2: SINGLE (Line Drive, 8LS)
Christian Walls to second
Batting: RHB Thom Wilcox 0-0: Called Strike
0-1: Ball
1-1: Ball
2-1: 3-RUN HOME RUN (Flyball, 7D), Distance : 440 ft
Batting: LHB Ray Sears 0-0: Called Strike
0-1: Foul Ball, location: 2F
0-2: Ball
1-2: Ground out 6-3 (Groundball, 6)
Batting: LHB Pancho García 0-0: Foul Ball, location: 2F
0-1: Ball
1-1: Ball
2-1: Called Strike
2-2: Ground out 4-3 (Groundball, 4)
Batting: RHB Ángel Vargas 0-0: Called Strike
0-1: Ball
1-1: Ground out 5-3 (Groundball, 5)
Top of the 1st over - 3 run(s), 2 hit(s), 0 error(s), 0 left on base; Brooklyn 3 - Chicago 0
BOTTOM OF THE 1ST
Chicago Gold Sox batting - Pitching for Brooklyn Dodgers : RHP Ramón Ortega
Pitching: RHP Ramón Ortega
Batting: LHB Salvador Vidal 0-0: Called Strike
0-1: Called Strike
0-2: Foul Ball, location: 2F
0-2: Fly out, F7 (Flyball, 7LS)
Batting: SHB Brent Gaines 0-0: Called Strike
0-1: Ball
1-1: Called Strike
1-2: Ball
2-2: Ball
3-2: Ground out U3 (Groundball, 3S)
Batting: RHB John Hill 0-0: Ball
1-0: Called Strike
1-1: Ball
2-1: Ball
3-1: Base on Balls
Batting: LHB Vicente Martínez 0-0: Ball
1-0: Called Strike
1-1: Foul Ball, location: 2F
1-2: Strikes out looking
Bottom of the 1st over - 0 run(s), 0 hit(s), 0 error(s), 1 left on base; Brooklyn 3 - Chicago 0
TOP OF THE 2ND
Brooklyn Dodgers batting - Pitching for Chicago Gold Sox : RHP Orliber Dolendo
Batting: SHB Ted Beck 0-0: Ground out 4-3 (Groundball, 4)
Batting: RHB Mark Hines 0-0: Ball
1-0: Fly out, F7 (Flyball, 7M)
Batting: RHB Ramón Ortega 0-0: Called Strike
0-1: Called Strike
0-2: Ball
1-2: Ball
2-2: Foul Ball, location: 2F
2-2: Ball
3-2: Strikes out swinging
Top of the 2nd over - 0 run(s), 0 hit(s), 0 error(s), 0 left on base; Brooklyn 3 - Chicago 0
BOTTOM OF THE 2ND
Chicago Gold Sox batting - Pitching for Brooklyn Dodgers : RHP Ramón Ortega
Batting: LHB Earl Ellis 0-0: Ball
1-0: Ball
2-0: Ball
3-0: Called Strike
3-1: Swinging Strike
3-2: Strikes out swinging
Batting: RHB Daniel Lallanilla 0-0: Foul Ball, location: 2F
0-1: Foul Ball, location: 2F
0-2: Ground out 5-3 (Groundball, 56)
Batting: LHB Jeff Sharp 0-0: Foul Ball, location: 2F
0-1: Ball
1-1: Ball
2-1: Ball
3-1: Foul Ball, location: 2F
3-2: Base on Balls
Batting: LHB Ron Goodwin 0-0: Ball
1-0: Ball
2-0: Called Strike
2-1: SINGLE (Groundball, 34)
Jeff Sharp to second
Runner from 2nd tries for 3rd, SAFE, throw made to third
Batting: LHB Orliber Dolendo 0-0: Ball
1-0: Foul Ball, location: 2F
1-1: Ball
2-1: Fly out, F7 (Line Drive, 7M)
Bottom of the 2nd over - 0 run(s), 1 hit(s), 0 error(s), 2 left on base; Brooklyn 3 - Chicago 0
TOP OF THE 3RD
Brooklyn Dodgers batting - Pitching for Chicago Gold Sox : RHP Orliber Dolendo
Batting: LHB Christian Walls 0-0: Ball
1-0: Called Strike
1-1: Ball
2-1: SINGLE (Line Drive, 3D)
Batting: LHB Egidio Agnolutto 0-0: Ball
1-0: Called Strike
1-1: Fly out, F9 (Flyball, 9LM)
Batting: RHB Thom Wilcox 0-0: Ball
1-0: Ball
2-0: Foul Ball, location: 2F
2-1: Called Strike
2-2: Grounds into double play, 5-4-3 (Groundball, 5)
Top of the 3rd over - 0 run(s), 1 hit(s), 0 error(s), 1 left on base; Brooklyn 3 - Chicago 0
BOTTOM OF THE 3RD
Chicago Gold Sox batting - Pitching for Brooklyn Dodgers : RHP Ramón Ortega
Batting: LHB Salvador Vidal 0-0: Ground out 1-3 (Groundball, 15)
Batting: SHB Brent Gaines 0-0: SINGLE (Line Drive, 4MD)
Batting: RHB John Hill 0-0: Called Strike
0-1: Ball
1-1: Ball
2-1: Foul Ball, location: 2F
2-2: Ball
3-2: DOUBLE (Line Drive, 7LS)
Brent Gaines to third
Brent Gaines scores
Batting: LHB Vicente Martínez 0-0: Ball
1-0: Ball
2-0: Ball
3-0: Base on Balls
Batting: LHB Earl Ellis 0-0: Foul Ball, location: 2F
0-1: Ball
1-1: Fly out, F7 (Flyball, 7D)
Runner from 2nd tags up, SAFE at 3rd, no throw
Batting: RHB Daniel Lallanilla 0-0: Ball
1-0: SINGLE (Line Drive, 78S)
John Hill scores
Vicente Martínez to second
Batting: LHB Jeff Sharp 0-0: Ball
1-0: Ball
2-0: Called Strike
2-1: Foul Ball, location: 2F
2-2: Strikes out swinging
Bottom of the 3rd over - 2 run(s), 3 hit(s), 0 error(s), 2 left on base; Brooklyn 3 - Chicago 2
TOP OF THE 4TH
Brooklyn Dodgers batting - Pitching for Chicago Gold Sox : RHP Orliber Dolendo
Batting: LHB Ray Sears 0-0: Swinging Strike
0-1: Swinging Strike
0-2: Ball
1-2: Fly out, F8 (Line Drive, 8LD)
Batting: LHB Pancho García 0-0: Foul Ball, location: 2F
0-1: Foul Ball, location: 2F
0-2: SINGLE (Groundball, 4) (infield hit)
Batting: RHB Ángel Vargas 0-0: Called Strike
Pancho García steals 2nd base
0-1: Ball
1-1: Reached on error, E6 (Groundball, 56)
Pancho García to third
Batting: SHB Ted Beck 0-0: Ball
1-0: Swinging Strike
1-1: Ball
2-1: Fly out, F8 (Flyball, 8LXD)
Runner from 3rd tags up, SCORES, no throw
Batting: RHB Mark Hines 0-0: Ball
1-0: Called Strike
1-1: SINGLE (Flyball, 8LS)
Ángel Vargas to second
Batting: RHB Ramón Ortega 0-0: SINGLE (Groundball, 6M)
Ángel Vargas to third
Mark Hines to second
Runner from 3rd tries for Home, SAFE, no throw or cutoff
Batting: LHB Christian Walls 0-0: Swinging Strike
0-1: Swinging Strike
0-2: Ball
1-2: Foul Ball, location: 2F
1-2: Foul Ball, location: 2F
1-2: Strikes out swinging
Top of the 4th over - 2 run(s), 3 hit(s), 1 error(s), 2 left on base; Brooklyn 5 - Chicago 2
BOTTOM OF THE 4TH
Chicago Gold Sox batting - Pitching for Brooklyn Dodgers : RHP Ramón Ortega
Batting: LHB Ron Goodwin 0-0: Foul Ball, location: 2F
0-1: Ball
1-1: Ball
2-1: Ball
3-1: Called Strike
3-2: Foul Ball, location: 2F
3-2: Ground out 4-3 (Groundball, 4)
Pinch Hitting: RHB Bryan Armstrong 0-0: Called Strike
0-1: Ball
1-1: Ball
2-1: Foul Ball, location: 2F
2-2: Strikes out swinging
Batting: LHB Salvador Vidal 0-0: Ball
1-0: Ball
2-0: Called Strike
2-1: Swinging Strike
2-2: Ground out 6-3 (Groundball, 6M)
Bottom of the 4th over - 0 run(s), 0 hit(s), 0 error(s), 0 left on base; Brooklyn 5 - Chicago 2
TOP OF THE 5TH
Brooklyn Dodgers batting - Pitching for Chicago Gold Sox : RHP Orliber Dolendo
Pitching: RHP Guillermo Pérez
Batting: LHB Egidio Agnolutto 0-0: Ball
1-0: Foul Ball, location: 2F
1-1: Ball
2-1: Foul Ball, location: 2F
2-2: Strikes out looking
Batting: RHB Thom Wilcox 0-0: Foul Ball, location: 2F
0-1: Ball
1-1: Ball
2-1: SOLO HOME RUN (Line Drive, 7LD), Distance : 365 ft
Batting: LHB Ray Sears 0-0: Ball
1-0: Ball
2-0: Ball
3-0: Called Strike
3-1: Foul Ball, location: 2F
3-2: Strikes out swinging
Batting: LHB Pancho García 0-0: Called Strike
0-1: Ball
1-1: Foul Ball, location: 2F
1-2: Ground out 4-3 (Groundball, 34)
Top of the 5th over - 1 run(s), 1 hit(s), 0 error(s), 0 left on base; Brooklyn 6 - Chicago 2
BOTTOM OF THE 5TH
Chicago Gold Sox batting - Pitching for Brooklyn Dodgers : RHP Ramón Ortega
Batting: SHB Brent Gaines 0-0: Ball
1-0: Foul Ball, location: 2F
1-1: Ball
2-1: Foul Ball, location: 2F
2-2: Ball
3-2: SINGLE (Line Drive, 89M)
Batting: RHB John Hill 0-0: Called Strike
0-1: Foul Ball, location: 2F
0-2: Strikes out looking
Batting: LHB Vicente Martínez 0-0: Ball
1-0: Ball
2-0: Fly out, F6 (Popup, 6MS)
Batting: LHB Earl Ellis 0-0: Ball
1-0: Called Strike
1-1: Ball
2-1: Called Strike
2-2: Ball
3-2: Foul Ball, location: 2F
3-2: Foul Ball, location: 2F
3-2: Fly out, F6 (Popup, 6MS)
Bottom of the 5th over - 0 run(s), 1 hit(s), 0 error(s), 1 left on base; Brooklyn 6 - Chicago 2
TOP OF THE 6TH
Brooklyn Dodgers batting - Pitching for Chicago Gold Sox : RHP Guillermo Pérez
Batting: RHB Ángel Vargas 0-0: Ball
1-0: Ball
2-0: Swinging Strike
2-1: Fly out, F9 (Flyball, 9LM)
Batting: SHB Ted Beck 0-0: Called Strike
0-1: Foul Ball, location: 2F
0-2: Ball
1-2: Ball
2-2: Foul Ball, location: 2F
2-2: Ball
3-2: Foul Ball, location: 2F
3-2: Foul Ball, location: 2F
3-2: SINGLE (Groundball, 15) (infield hit)
Batting: RHB Mark Hines 0-0: Ball
1-0: Ball
2-0: Grounds into double play, 5-4-3 (Groundball, 5)
Top of the 6th over - 0 run(s), 1 hit(s), 0 error(s), 1 left on base; Brooklyn 6 - Chicago 2
BOTTOM OF THE 6TH
Chicago Gold Sox batting - Pitching for Brooklyn Dodgers : RHP Ramón Ortega
Batting: RHB Daniel Lallanilla 0-0: Foul Ball, location: 2F
0-1: Fly out, F8 (Line Drive, 8LM)
Batting: LHB Jeff Sharp 0-0: Ground out 4-3 (Groundball, 34)
Batting: LHB Ron Goodwin 0-0: Ball
1-0: Called Strike
1-1: Swinging Strike
1-2: Ball
2-2: Strikes out swinging
Bottom of the 6th over - 0 run(s), 0 hit(s), 0 error(s), 0 left on base; Brooklyn 6 - Chicago 2
TOP OF THE 7TH
Brooklyn Dodgers batting - Pitching for Chicago Gold Sox : RHP Guillermo Pérez
Pitching: RHP Mike Warren
Pinch Hitting: SHB Matthieu Servergnini 0-0: Called Strike
0-1: Ball
1-1: Foul Ball, location: 2F
1-2: Ball
2-2: Ball
3-2: Fly out, F8 (Flyball, 8LM)
Batting: LHB Christian Walls 0-0: Ball
1-0: Swinging Strike
1-1: Called Strike
1-2: Ball
2-2: Ball
3-2: Base on Balls
Batting: LHB Egidio Agnolutto 0-0: Foul Ball, location: 2F
0-1: Called Strike
0-2: Ball
1-2: Ball
2-2: SINGLE (Line Drive, 9S)
Christian Walls to second
Runner from 2nd tries for 3rd, SAFE, no throw or cutoff
Batting: RHB Thom Wilcox 0-0: Ball
Egidio Agnolutto steals 2nd base
1-0: Intentional Walk
Batting: LHB Ray Sears 0-0: Ball
1-0: Called Strike
1-1: Swinging Strike
1-2: Ball
2-2: Ball
3-2: Foul Ball, location: 2F
3-2: Base on Balls
Christian Walls scores
Egidio Agnolutto to third
Thom Wilcox to second
Batting: LHB Pancho García 0-0: Foul Ball, location: 2F
0-1: Ball
1-1: Grounds into fielders choice 1-2 (Groundball, 15S)
Thom Wilcox to third
Ray Sears to second
Batting: RHB Ángel Vargas 0-0: Foul Ball, location: 2F
0-1: Ball
1-1: Swinging Strike
1-2: Strikes out swinging
Top of the 7th over - 1 run(s), 1 hit(s), 0 error(s), 3 left on base; Brooklyn 7 - Chicago 2
BOTTOM OF THE 7TH
Chicago Gold Sox batting - Pitching for Brooklyn Dodgers : RHP Ramón Ortega
Pitching: RHP Jorge Rodríguez
Now in LF: Adrián Rodríguez
Pinch Hitting: LHB Carl Nash 0-0: SINGLE (Line Drive, 6D)
Batting: LHB Salvador Vidal 0-0: Fielders Choice at 2nd, 6-4 (Groundball, 56)
Batting: SHB Brent Gaines 0-0: SINGLE (Line Drive, 89S)
Salvador Vidal to second
Batting: RHB John Hill 0-0: Foul Ball, location: 2F
0-1: Called Strike
0-2: Grounds into double play, 6-4-3 (Groundball, 6)
Bottom of the 7th over - 0 run(s), 2 hit(s), 0 error(s), 2 left on base; Brooklyn 7 - Chicago 2
TOP OF THE 8TH
Brooklyn Dodgers batting - Pitching for Chicago Gold Sox : RHP Mike Warren
Pitching: RHP Jim Logan
Batting: SHB Ted Beck 0-0: Foul Ball, location: 2F
0-1: SINGLE (Line Drive, 6MD)
Batting: RHB Mark Hines 0-0: Ball
1-0: Called Strike
1-1: Called Strike
1-2: Strikes out swinging
Pinch Hitting: RHB Keith Lowery 0-0: Ball
Ted Beck steals 2nd base
1-0: Foul Ball, location: 2F
1-1: Ball
2-1: Called Strike
2-2: Foul Ball, location: 2F
2-2: Foul Ball, location: 2F
2-2: Strikes out swinging
Batting: LHB Adrián Rodríguez 0-0: Foul Ball, location: 2F
0-1: Ball
1-1: Called Strike
1-2: Ball
2-2: Foul Ball, location: 2F
2-2: Fly out, F9 (Flyball, 9D)
Top of the 8th over - 0 run(s), 1 hit(s), 0 error(s), 1 left on base; Brooklyn 7 - Chicago 2
BOTTOM OF THE 8TH
Chicago Gold Sox batting - Pitching for Brooklyn Dodgers : RHP Jorge Rodríguez
Pitching: RHP Paco Galván
Batting: LHB Vicente Martínez 0-0: SINGLE (Groundball, 34D)
Batting: LHB Earl Ellis 0-0: Ball
1-0: Ball
2-0: Fly out, F8 (Flyball, 8RXD)
Batting: RHB Daniel Lallanilla 0-0: Ball
1-0: Ball
2-0: Called Strike
2-1: Foul Ball, location: 2F
2-2: Strikes out swinging
Batting: LHB Jeff Sharp 0-0: Ball
1-0: Called Strike
1-1: 2-RUN HOME RUN (Flyball, 89XD), Distance : 433 ft
Batting: LHB Ron Goodwin 0-0: Ball
1-0: Swinging Strike
1-1: SINGLE (Groundball, 5D)
Pitching: RHP Jonah Weaver
Pinch Hitting: RHB Tim Little 0-0: Called Strike
0-1: SINGLE (Groundball, 56D) (infield hit)
Ron Goodwin to second
Pitching: LHP Ánibal Ramírez
Batting: LHB Salvador Vidal 0-0: Ball
1-0: Called Strike
1-1: Swinging Strike
1-2: Ball
Wild Pitch!
Ron Goodwin to third
Tim Little to second
2-2: Ball
3-2: Fly out, F9 (Flyball, 89M)
Bottom of the 8th over - 2 run(s), 4 hit(s), 0 error(s), 2 left on base; Brooklyn 7 - Chicago 4
TOP OF THE 9TH
Brooklyn Dodgers batting - Pitching for Chicago Gold Sox : RHP Jim Logan
Pitching: RHP Alfonso Escamilla
Batting: LHB Egidio Agnolutto 0-0: Ball
1-0: Foul Ball, location: 2F
1-1: Ball
2-1: Foul Ball, location: 2F
2-2: Ball
3-2: Ground out U3 (Groundball, 3)
Batting: RHB Thom Wilcox 0-0: Ball
1-0: Ball
2-0: Ball
3-0: Called Strike
3-1: Base on Balls
Batting: LHB Ray Sears 0-0: Ball
1-0: Ground out U3 (Groundball, 3S)
Thom Wilcox to second
Batting: LHB Pancho García 0-0: Ball
1-0: Ball
2-0: Called Strike
2-1: DOUBLE (Line Drive, 8RXD)
Thom Wilcox scores
Batting: RHB Ángel Vargas 0-0: Fly out, F4 (Popup, 34)
Top of the 9th over - 1 run(s), 1 hit(s), 0 error(s), 1 left on base; Brooklyn 8 - Chicago 4
BOTTOM OF THE 9TH
Chicago Gold Sox batting - Pitching for Brooklyn Dodgers : LHP Ánibal Ramírez
Pitching: RHP Ken Hinkle
Batting: SHB Brent Gaines 0-0: Called Strike
0-1: Foul Ball, location: 2F
0-2: Ground out 5-3 (Groundball, 5L)
Batting: RHB John Hill 0-0: Ball
1-0: Foul Ball, location: 2F
1-1: Ball
2-1: Swinging Strike
2-2: Ball
3-2: Base on Balls
Batting: LHB Vicente Martínez 0-0: Ball
1-0: Ball
2-0: Foul Ball, location: 2F
2-1: Ball
3-1: Foul Ball, location: 2F
3-2: Foul Ball, location: 2F
3-2: Foul Ball, location: 2F
3-2: 2-RUN HOME RUN (Flyball, 8LXD), Distance : 436 ft
Pitching: LHP Jim Eliott
Now at C: Tim Godwin
Batting: LHB Earl Ellis 0-0: Called Strike
0-1: Ball
1-1: Ball
2-1: Foul Ball, location: 2F
2-2: Foul Ball, location: 2F
2-2: Ball
3-2: Base on Balls
Batting: RHB Daniel Lallanilla 0-0: Ball
1-0: Swinging Strike
1-1: Ball
2-1: Ball
3-1: Fly out, F9 (Flyball, 9LM)
Batting: LHB Jeff Sharp 0-0: Ground out 4-3 (Groundball, 4)
Bottom of the 9th over - 2 run(s), 1 hit(s), 0 error(s), 1 left on base; Brooklyn 8 - Chicago 6
This league is powered by Out of the Park Baseball, the baseball management simulation game for PC, Mac and Linux
Thursday, April 24th, 2014 - OOTP Baseball 14.6 Build 33